 Dungeon Crawl Stone Soup version 0.19.1 (webtiles) character file.

55689 asegelite the Unseen (level 14, -5/85 HPs)
             Began as a Vampire Enchanter on Dec 24, 2016.
             Was the Champion of Dithmenos.
             Shot with a bolt by a yaktaur captain (26 damage)
             ... on level 15 of the Dungeon.
             The game lasted 01:40:45 (16585 turns).

asegelite the Unseen (Vampire Enchanter)           Turns: 16585, Time: 01:40:46

Health: -5/85      AC: 11    Str: 12    XL:     14   Next: 39%
Magic:  27/34      EV: 20    Int: 21    God:    Dithmenos [******]
Gold:   963        SH:  0    Dex: 18    Spells: 6 memorised, 13 levels left

rFire  + . .     SeeInvis +     v - +1 dagger (drain)
rCold  + + .     Gourm    .     H - +2 robe of Anistraqu {rF+ Str+5}
rNeg   + + .     Faith    .     (no shield)
rPois  +         Spirit   .     p - +1 helmet
rElec  .         Reflect  .     L - +2 cloak {rC+}
rCorr  .         Harm     .     q - +0 pair of gloves
MR     +....                    O - +0 pair of boots
Stlth  ++++++++++               i - amulet of regeneration
                                u - ring of magical power
                                F - +2 ring of intelligence

@: regenerating slowly, wreathed by umbra
A: fangs 3, see invisible, mutation resistance 1, unbreathing
a: Bat Form, Shadow Step, Shadow Form, Renounce Religion


You were on level 15 of the Dungeon.
You worshipped Dithmenos.
Dithmenos was exalted by your worship.
You were near bloodless.

You visited 2 branches of the dungeon, and saw 16 of its levels.
You also visited: Bailey and Ice Cave.

You collected 1034 gold pieces.
You spent 71 gold pieces at shops.

Inventory:

Hand Weapons
 v - a +1 dagger of draining (weapon)
 P - the +5 glaive of the Spinneret {chop, *Slow Str+4 Dex+3}
   (You found it in an ice cave)

   It inflicts extra damage upon your enemies.
   It affects your strength (+4).
   It affects your dexterity (+3).
   It may slow you when you take damage.
Armour
 p - a +1 helmet (worn)
 q - a +0 pair of gloves (worn)
 w - +0 mottled dragon scales
 G - a +2 cloak of poison resistance
 H - the +2 robe of Anistraqu (worn) {rF+ Str+5}
   (You found it on level 8 of the Dungeon)

   It affects your strength (+5).
   It protects you from fire.
 L - a +2 cloak of cold resistance (worn)
 O - a +0 pair of boots (worn)
Magical Staves
 t - an uncursed staff of wizardry
Jewellery
 i - an amulet of regeneration (around neck)
 u - a ring of magical power (right hand)
 F - a +2 ring of intelligence (left hand)
Wands
 z - a wand of paralysis (15/24)
 D - a wand of teleportation (5/9)
 M - a wand of lightning (10/15)
 R - a wand of disintegration (9/24)
Scrolls
 e - 6 scrolls of recharging
 f - 2 scrolls of blinking
 h - 2 scrolls of enchant weapon
 j - 5 scrolls of amnesia
 k - 6 scrolls of magic mapping
 l - 2 scrolls of fog
 m - 5 scrolls of remove curse
 n - 17 scrolls of identify
 y - 6 scrolls of teleportation
 C - a scroll of enchant armour
 E - a scroll of noise
Potions
 b - a potion of agility
 d - 71 potions of blood
 g - 10 potions of curing
 r - 5 potions of flight
 x - a potion of resistance
 A - 4 potions of heal wounds
 B - 2 potions of might
 Q - a potion of invisibility
Books
 a - a book of Spatial Translocations

   Spells                             Type                      Level
   a - Blink                          Translocation                2
   b - Shroud of Golubria             Charms/Translocation         2
   c - Lesser Beckoning               Translocation                3
   d - Portal Projectile              Translocation                3
   e - Teleport Other                 Translocation                3
   f - Passage of Golubria            Translocation                4
 c - a book of Maledictions

   Spells                             Type                      Level
   a - Corona                         Hexes                        1
   b - Ensorcelled Hibernation        Hexes/Ice                    2
   c - Confuse                        Hexes                        3
   d - Tukima's Dance                 Hexes                        3
   e - Dazzling Spray                 Conjuration/Hexes            3
 o - a book of Debilitation

   Spells                             Type                      Level
   a - Corona                         Hexes                        1
   b - Slow                           Hexes                        2
   c - Gell's Gravitas                Hexes/Translocation          3
   d - Inner Flame                    Hexes/Fire                   3
   e - Cause Fear                     Hexes                        4
   f - Leda's Liquefaction            Hexes/Earth                  4
 s - a book of Changes

   Spells                             Type                      Level
   a - Beastly Appendage              Transmutation                1
   b - Sticks to Snakes               Transmutation                2
   c - Spider Form                    Transmutation/Poison         3
   d - Ice Form                       Ice/Transmutation            4
   e - Blade Hands                    Transmutation                5
 K - a book of Necromancy

   Spells                             Type                      Level
   a - Pain                           Necromancy                   1
   b - Animate Skeleton               Necromancy                   1
   c - Vampiric Draining              Necromancy                   3
   d - Regeneration                   Charms/Necromancy            3
   e - Animate Dead                   Necromancy                   4
   f - Control Undead                 Necromancy                   4
 N - a book of Cantrips

   Spells                             Type                      Level
   a - Confusing Touch                Hexes                        1
   b - Animate Skeleton               Necromancy                   1
   c - Summon Small Mammal            Summoning                    1
   d - Apportation                    Translocation                1


   Skills:
 + Level 10.0 Short Blades
 + Level 10.4 Dodging
 * Level 19.3 Stealth
 + Level 7.6 Spellcasting
 + Level 14.4 Hexes
 + Level 5.5 Translocations
 - Level 7.2 Ice Magic
 + Level 6.8 Invocations


You had 13 spell levels left.
You knew the following spells:

 Your Spells              Type           Power        Failure   Level  Hunger
a - Corona                Hex            ######.      1%          1    None
b - Gell's Gravitas       Hex/Tloc       #####.....   1%          3    None
c - Confuse               Hex            ######..     1%          3    None
d - Blink                 Tloc           N/A          1%          2    None
f - Cause Fear            Hex            ######....   1%          4    ###....
s - Ensorcelled Hibernat  Hex/Ice        ######       1%          2    None


Dungeon Overview and Level Annotations

Branches:
Dungeon (15/15)            Temple (1/1) D:7            Lair (0/6) D:10
    Orc (0/2) D:10         Vaults (0/5) D:13         Depths (0/5) D:15

Altars:
Ashenzari
Cheibriados
Dithmenos
Elyvilon
Fedhas
Gozag
Hepliaklqana
Kikubaaqudgha
Makhleb
Nemelex Xobeh
Okawaru
Qazlal
Ru
Sif Muna
Trog
Uskayaw
Vehumet
Xom
Yredelemnul
Zin
The Shining One

Shops:
D:5 !   D:7 *   D:11 ?   D:14 *


Innate Abilities, Weirdness & Mutations

You heal slowly.
You have razor-sharp teeth.
You have supernaturally acute eyesight. (SInv)
You can survive without breathing.
You are somewhat resistant to further mutation.


Message History

Dithmenos accepts your kill.
You hear a splash. x2
Casting: Confuse
Confirm with . or Enter, or press ? or * to list all spells.
Aiming: Confuse
Press: ? - help, Shift-Dir - straight line, f - yaktaur captain
Aim: a yaktaur captain (hasn't noticed you, umbra, chance to defeat MR: 43%)
The yaktaur captain shouts!
The yaktaur captain resists with some effort.
Your shadow mimicks your spell!
The yaktaur captain resists with almost no effort.
The yaktaur captain wields an arbalest.
The yaktaur captain shoots a bolt.
The bolt hits you!!!
* * * LOW HITPOINT WARNING * * *
You emit a cloud of dark smoke.
Casting: Confuse
Confirm with . or Enter, or press ? or * to list all spells.
Okay, then.
The yaktaur captain shoots a bolt.
The bolt hits you!!
You die...

#)....#..#.##.#
#.....#).#.##.##
#(....#).#.##..#
#.....#....###.##
......#....# #..#
###.#.#..[.#
##.## #.#.#....#
#..# #.#.......
##.# #.#.......#
#@## #.##......#
#..# #. ... ##.#
#.## #..# ##.##
#.§# ##c## #(§#


You could see a yaktaur captain.

Vanquished Creatures
  A white draconian (IceCv)
  Snorg (D:10)
  4 hydras
  4 centaur warriors
  Urug (D:13)
  2 unseen horrors
  An orc knight (Bailey)
  11 hill giants
  5 cyclopes
  15 ugly things
  A deep elf mage (D:13)
  2 manticores (D:9)
  Maurice (D:12)
  A gargoyle (D:12)
  An ice statue (IceCv)
  A yaktaur (D:15)
  2 kobold demonologists (D:15)
  2 freezing wraiths
  3 centaur skeletons
  A queen bee (shapeshifter) (D:13)
  The ghost of solomon12318 the Sneak, a novice SpAs (D:5)
  15 polar bears
  A tengu conjurer (D:13)
  A harpy zombie (D:15)
  A merfolk (shapeshifter) (D:13)
  5 trolls
  A merfolk (D:9)
  5 two-headed ogres
  9 slime creatures
  7 hippogriffs
  A shadow (D:14)
  34 yaks
  A spriggan (D:8)
  A water elemental (D:11)
  A wraith (D:11)
  2 hungry ghosts (D:14)
  7 wyverns
  A golden eye (shapeshifter) (D:13)
  2 mottled dragons (D:15)
  4 vampire mosquitoes (D:14)
  Menkaure (D:7)
  23 orc warriors
  8 black bears
  4 sky beasts
  An eye of draining (D:12)
  3 ogres
  The ghost of pvtr the Cudgeler, an amateur MiBe of Trog (D:3)
  13 ice beasts
  A hornet zombie (D:9)
  2 phantoms
  A necrophage (D:11)
  13 wolves
  25 centaurs
  4 big kobolds
  18 bullfrogs
  3 gnoll sergeants (D:9)
  A wyvern skeleton (D:13)
  3 scorpions
  13 electric eels
  11 wights
  2 howler monkeys
  5 crimson imps
  5 jellies
  2 lava snakes (D:10)
  A centaur zombie (D:10)
  A wyvern simulacrum (D:12)
  14 orc wizards
  2 quasits
  2 bullfrog zombies
  9 orc priests
  2 bullfrog skeletons (D:8)
  3 gnoll shamans (D:9)
  4 hounds
  5 iguanas
  9 worker ants
  5 bullfrog simulacra
  A hound zombie (D:7)
  A hound skeleton (D:4)
  A howler monkey zombie (D:9)
  2 worker ant zombies
  14 adders
  4 gnolls (D:3)
  5 shadow imps
  21 white imps
  4 ufetubi
  An adder zombie (D:9)
  2 worms (D:2)
  2 adder skeletons (D:9)
  A dart slug (D:2)
  6 leopard geckos
  61 orcs
  7 giant cockroaches
  11 goblins
  16 hobgoblins
  12 jackals
  10 quokkas
  A ball python (D:1)
  9 bats
  2 frilled lizards
  14 kobolds
  3 leopard gecko skeletons
  3 quokka skeletons
  9 rats
603 creatures vanquished.

Vanquished Creatures (others)
  A sky beast (D:15)
  A plant (D:9)
2 creatures vanquished.

Grand Total: 605 creatures vanquished

Notes
Turn   | Place    | Note
-------+----------+-------------------------------------------
     0 | D:1      | asegelite the Vampire Enchanter began the quest for the Orb.
     0 | D:1      | Reached XP level 1. HP: 13/13 MP: 3/3
   341 | D:1      | Reached skill level 5 in Hexes
   393 | D:1      | Reached XP level 2. HP: 19/19 MP: 5/5
   453 | D:1      | Learned a level 2 spell: Ensorcelled Hibernation
   922 | D:1      | Reached XP level 3. HP: 24/24 MP: 6/6
   993 | D:1      | Reached skill level 5 in Stealth
  1185 | D:2      | Reached XP level 4. HP: 30/30 MP: 2/7
  1351 | D:2      | Learned a level 3 spell: Confuse
  1963 | D:3      | Noticed pvtr's ghost (amateur MiBe)
  2046 | D:3      | Killed pvtr's ghost
  2046 | D:3      | Reached skill level 6 in Stealth
  2046 | D:3      | Reached XP level 5. HP: 12/35 MP: 0/8
  2494 | D:3      | Reached skill level 1 in Ice Magic
  2518 | D:3      | Found an opulent altar of Gozag.
  2899 | D:4      | Reached XP level 6. HP: 41/41 MP: 8/10
  3116 | D:4      | Reached skill level 7 in Stealth
  3573 | D:5      | Entered Level 5 of the Dungeon
  3640 | D:5      | Noticed solomon12318's ghost (novice SpAs)
  3655 | D:5      | Killed solomon12318's ghost
  3655 | D:5      | Reached XP level 7. HP: 41/46 MP: 4/11
  3725 | D:5      | Reached skill level 8 in Stealth
  3950 | D:5      | Reached XP level 8. HP: 52/52 MP: 0/12
  4058 | D:5      | Reached skill level 9 in Stealth
  4114 | D:5      | Found Syipeci's Distillery.
  4123 | D:5      | Bought a potion of curing for 33 gold pieces
  4123 | D:5      | Bought a potion of degeneration for 11 gold pieces
  4123 | D:5      | Bought a potion of mutation for 27 gold pieces
  4523 | D:5      | Found a glowing golden altar of the Shining One.
  4836 | D:7      | Noticed Menkaure
  4843 | D:7      | Killed Menkaure
  4985 | D:7      | Found a staircase to the Ecumenical Temple.
  4998 | Temple   | Entered the Ecumenical Temple
  5034 | Temple   | Became a worshipper of Dithmenos the Shadowed
  5074 | D:7      | Reached skill level 10 in Stealth
  5244 | D:7      | Found Sudec's Assorted Antiques.
  5301 | D:7      | Reached XP level 9. HP: 55/57 MP: 9/13
  5393 | D:7      | Reached skill level 5 in Ice Magic
  5539 | D:7      | Reached skill level 10 in Hexes
  5687 | D:7      | Reached skill level 5 in Dodging
  5780 | D:8      | Reached skill level 11 in Stealth
  5784 | D:8      | Reached * piety under Dithmenos
  6021 | D:8      | Found a flagged portal.
  6112 | Bailey   | Entered a bailey
  6247 | Bailey   | Reached skill level 5 in Short Blades
  6610 | Bailey   | Noticed an orc knight
  6625 | Bailey   | Killed an orc knight
  6632 | Bailey   | Reached skill level 12 in Stealth
  6809 | D:8      | Reached XP level 10. HP: 63/63 MP: 14/14
  6852 | D:8      | Found a blossoming altar of Fedhas.
  7183 | D:8      | Reached ** piety under Dithmenos
  7355 | D:8      | Got a twisted robe
  7366 | D:8      | Identified the +2 robe of Anistraqu {rF+ Str+5} (You found it on level 8 of the Dungeon)
  7641 | D:8      | Gained mutation: You are partially covered in iridescent scales. (AC +2) [potion of mutation]
  7641 | D:8      | Gained mutation: Your muscles are strong. (Str +2) [potion of mutation]
  7641 | D:8      | Gained mutation: Armour fits poorly on your strangely shaped body. [potion of mutation]
  7642 | D:8      | Gained mutation: Your system is resistant to poisons. (rPois) [potion of mutation]
  7642 | D:8      | Lost mutation: Your muscles are strong. (Str +2) [potion of mutation]
  7642 | D:8      | Gained mutation: You are somewhat resistant to further mutation. [potion of mutation]
  7855 | D:9      | Noticed a manticore
  7859 | D:9      | Killed a manticore
  7870 | D:9      | Reached skill level 13 in Stealth
  7912 | D:9      | Reached skill level 1 in Invocations
  8191 | D:9      | Reached *** piety under Dithmenos
  8259 | D:9      | Noticed an eight-headed hydra
  8268 | D:9      | Killed an eight-headed hydra
  8268 | D:9      | Reached XP level 11. HP: 68/68 MP: 16/16
  8647 | D:9      | Reached skill level 14 in Stealth
  8675 | D:9      | Reached **** piety under Dithmenos
  8848 | D:9      | Got a heavily runed amethyst amulet
  8850 | D:9      | Identified the amulet "Doxukafa" {+Rage rC+} (You found it on level 9 of the Dungeon)
  8983 | D:9      | Found a stormy altar of Qazlal.
  9089 | D:9      | Gained mutation: Your spells are a little easier to cast, but a little less powerful. [potion of mutation]
  9090 | D:9      | Lost mutation: Your spells are a little easier to cast, but a little less powerful. [potion of cure mutation]
  9090 | D:9      | Lost mutation: Your system is resistant to poisons. (rPois) [potion of cure mutation]
  9090 | D:9      | Lost mutation: Armour fits poorly on your strangely shaped body. [potion of cure mutation]
  9090 | D:9      | Lost mutation: You are partially covered in iridescent scales. (AC +2) [potion of cure mutation]
  9102 | D:9      | Learned a level 4 spell: Cause Fear
  9106 | D:9      | Learned a level 3 spell: Gell's Gravitas
  9109 | D:9      | Learned a level 2 spell: Blink
  9457 | D:10     | Entered Level 10 of the Dungeon
  9492 | D:10     | Noticed Snorg
  9499 | D:10     | Killed Snorg
  9499 | D:10     | Reached skill level 1 in Translocations
  9540 | D:10     | Found a staircase to the Orcish Mines.
  9578 | D:10     | Found a staircase to the Lair.
  9649 | D:10     | Noticed an unseen horror
  9660 | D:10     | Killed an unseen horror
  9746 | D:10     | Noticed a hill giant
  9753 | D:10     | Reached skill level 15 in Stealth
  9757 | D:10     | Killed a hill giant
 10111 | D:11     | Noticed a hill giant
 10130 | D:11     | Killed a hill giant
 10168 | D:11     | Reached ***** piety under Dithmenos
 10175 | D:11     | Reached XP level 12. HP: 74/74 MP: 4/19
 10438 | D:11     | Found Vugeoram's Magic Scroll Boutique.
 10440 | D:11     | Reached skill level 5 in Spellcasting
 10871 | D:11     | Reached skill level 16 in Stealth
 11565 | D:12     | Noticed Maurice
 11568 | D:12     | Noticed a seven-headed hydra
 11573 | D:12     | Killed Maurice
 11648 | D:12     | Killed a seven-headed hydra
 11884 | D:12     | Reached skill level 5 in Invocations
 12155 | D:12     | Reached skill level 17 in Stealth
 12769 | D:13     | Noticed a centaur warrior
 12797 | D:13     | Killed a centaur warrior
 12885 | D:13     | Reached XP level 13. HP: 49/79 MP: 20/22
 12886 | D:13     | Found a gate to the Vaults.
 12887 | D:13     | Noticed Urug
 12892 | D:13     | Killed Urug
 12899 | D:13     | Reached ****** piety under Dithmenos
 13260 | D:13     | Found a frozen archway.
 13282 | IceCv    | Entered an ice cave
 14146 | IceCv    | Noticed a white draconian
 14310 | IceCv    | Reached skill level 18 in Stealth
 14331 | IceCv    | Killed a white draconian
 14374 | IceCv    | Got an ichor-stained glaive
 14380 | IceCv    | Identified the +5 glaive of the Spinneret {chop, *Slow Str+4 Dex+3} (You found it in an ice cave)
 15569 | D:14     | Reached skill level 10 in Dodging
 15726 | D:14     | Reached skill level 5 in Translocations
 15770 | D:14     | Found a sacrificial altar of Ru.
 15801 | D:14     | Reached XP level 14. HP: 85/85 MP: 24/24
 15946 | D:14     | Found Naixtun's Assorted Antiques.
 16154 | D:15     | Entered Level 15 of the Dungeon
 16217 | D:15     | Reached skill level 19 in Stealth
 16313 | D:15     | Reached skill level 10 in Short Blades
 16570 | D:15     | Found a staircase to the Depths.
 16585 | D:15     | Shot with a bolt by a yaktaur captain

Skill      XL: |  1  2  3  4  5  6  7  8  9 10 11 12 13 14 |
---------------+-------------------------------------------+-----
Hexes          | 5 6 7 8 9 11 12 13 14 | 14.4
Stealth        | 5 6 7 8 10 12 13 15 17 18 19 | 19.3
Short Blades   | 2 3 4 5 6 7 8 9 10 | 10.0
Ice Magic      | 1 2 3 4 6 7 |  7.2
Dodging        | 3 4 5 6 8 9 10 | 10.4
Spellcasting   | 3 4 6 7 |  7.6
Invocations    | 1 4 5 6 |  6.8
Translocations | 2 3 5 |  5.5

Action                   |  1- 3 |  4- 6 |  7- 9 | 10-12 | 13-15 || total
-------------------------+-------+-------+-------+-------+-------++-------
Melee: Dagger            |   104 |   268 |   439 |   628 |   390 ||  1829
       Bite              |    10 |    22 |    46 |    62 |    48 ||   188
 Cast: Corona            |     1 |       |       |     1 |       ||     2
       Ensorcelled Hiber |     8 |     4 |    35 |   163 |    70 ||   280
       Confuse           |       |     6 |    23 |    44 |    50 ||   123
       Gell's Gravitas   |       |       |       |    24 |    43 ||    67
       Blink             |       |       |       |     2 |       ||     2
       Cause Fear        |       |       |       |     1 |     1 ||     2
 Abil: End Transformatio |       |       |     1 |     1 |     1 ||     3
       Bat Form          |       |       |     1 |     1 |     1 ||     3
Evoke: Wand              |       |       |     1 |     1 |       ||     2
  Use: Potion            |       |     4 |    12 |    20 |     6 ||    42
       Scroll            |       |       |     6 |     9 |     2 ||    17
 Stab: Sleeping          |    14 |    22 |    34 |   152 |    86 ||   308
       Confused          |       |     6 |     7 |    26 |    28 ||    67
       Distracted        |       |       |       |     4 |     6 ||    10
Armor: Robe              |    34 |    67 |    79 |    86 |    44 ||   310
Dodge: Dodged            |    67 |   139 |   310 |   545 |   324 ||  1385
